 Dungeon Crawl Stone Soup version 0.17-a0-2220-g6fea741 (webtiles) character file.

361433 nubinia the Acrobat (level 22, -8/190 HPs)
             Began as a Merfolk Monk on Oct 22, 2015.
             Was the Champion of Zin.
             Mangled by a jiangshi (18 damage)
             ... on level 3 of the Crypt on Oct 28, 2015.
             The game lasted 06:57:41 (75249 turns).

nubinia the Acrobat (Merfolk Monk)                 Turns: 75249, Time: 06:57:42

Health: -8/190     AC: 17    Str: 24    XL:     22   Next: 45%
Magic:  33/33      EV: 45    Int: 16    God:    Zin [******]
Gold:   1998       SH:  9    Dex: 31    Spells: 0 memorised, 21 levels left

rFire  + + .     SeeInvis +       - Unarmed
rCold  + + .     Clarity  .     G - +2 robe {rC+ rF+}
rNeg   + + +     SustAt   .     a - +0 buckler of Generosity {MR+ Str+5 Dex+2}
rPois  .         Gourm    .     V - +2 hat {SInv}
rElec  .         Spirit   .     u - +2 cloak {+Inv}
rCorr  .         Warding  .     g - +2 pair of gloves {Str+3}
rMut   .         Stasis   .     e - +2 pair of boots {Fly}
MR     +++++                    l - amulet of regeneration
Stlth  ++++++++..               Z - ring of Intercession {*Contam rC+ rN+++ MR++ Int+2}
                                s - ring of Noaritt {rF+ MR+ Int+5 SInv Stlth+}

@: agile, flying, almost entirely resistant to hostile enchantments,
extraordinarily stealthy
A: change form in water, swift swim, thin metallic scales 1, slow regeneration
1, spit poison 1, strong 1
a: Spit Poison, Recite, Vitalisation, Imprison, Sanctuary, Donate Gold, Cure All
Mutations, Renounce Religion, Evoke Invisibility, Stop Flying
}: 2/15 runes: decaying, gossamer


You were on level 3 of the Crypt.
You worshipped Zin.
Zin was exalted by your worship.
You were not hungry.

You visited 9 branches of the dungeon, and saw 43 of its levels.
You visited 1 bazaar.
You also visited: Ice Cave.

You collected 5012 gold pieces.
You spent 2832 gold pieces at shops.
You donated 182 gold pieces to Zin.

Inventory:

Hand Weapons
 b - a +9 blowgun
 p - a +0 flail of protection
 K - the +8 spear "Newtbane" {speed, rC+ MR+ Str+4 Dex+3}
   (You bought it in a shop on level 2 of the Vaults)

   Attacks with this weapon are significantly faster.
   It affects your strength (+4).
   It affects your dexterity (+3).
   It protects you from cold.
   It affects your resistance to hostile enchantments.
Missiles
 z - 1066 stones (quivered)
 I - 76 poisoned needles
 W - 24 curare-tipped needles
Armour
 a - the +0 buckler of Generosity (worn) {MR+ Str+5 Dex+2}
   (You found it in an ice cave)

   It affects your strength (+5).
   It affects your dexterity (+2).
   It affects your resistance to hostile enchantments.
 e - a +2 pair of boots of flying (worn)
 g - a +2 pair of gloves of strength (worn)
 u - a +2 cloak of invisibility (worn)
 w - the +0 hat of the Ward {rCorr MP+9}
   (You found it on level 3 of the Vaults)

   It affects your magic capacity (+9).
   It protects you from acid and corrosion.
 G - a +2 robe of resistance (worn)
 V - a +2 hat of see invisible (worn)
Rods
 i - a +1 rod of ignition (14/14)
   (You found it on level 1 of the Lair of Beasts)
Jewellery
 d - the ring of Brilliance {rC+ EV+5 Dex+4}
   (You found it on level 2 of the Lair of Beasts)

   [ring of evasion]

   It affects your evasion (+5).
   It affects your dexterity (+4).
   It protects you from cold.
 f - an uncursed amulet of guardian spirit
 l - an amulet of regeneration (around neck)
 o - the ring "Daneozih" {rElec rC+ Slay+2}
   (You took it off a spriggan on level 4 of the Swamp)

   [ring of protection from cold]

   It affects your accuracy and damage with ranged weapons and melee attacks
   (+2).
   It protects you from cold.
   It insulates you from electricity.
 s - the ring of Noaritt (left hand) {rF+ MR+ Int+5 SInv Stlth+}
   (You bought it in a shop on level 4 of the Orcish Mines)

   [ring of protection from magic]

   It affects your intelligence (+5).
   It protects you from fire.
   It affects your resistance to hostile enchantments.
   It lets you see invisible.
   It makes you more stealthy.
 y - the amulet "Merheir" {Clar rPois rC+ MR-}
   (You found it on level 5 of the Lair of Beasts)

   [amulet of clarity]

   It provides mental clarity.
   It protects you from cold.
   It protects you from poison.
   It affects your resistance to hostile enchantments.
 Z - the ring of Intercession (right hand) {*Contam rC+ rN+++ MR++ Int+2}
   (You bought it in a shop on level 4 of the Orcish Mines)

   [ring of protection from cold]

   It affects your intelligence (+2).
   It protects you from cold.
   It renders you almost immune to negative energy.
   It affects your resistance to hostile enchantments.
   It causes magical contamination when unequipped.
Wands
 q - a wand of hasting (4)
 x - a wand of cold (2)
 C - a wand of cold (6)
 J - a wand of disintegration (13)
 M - a wand of heal wounds (6)
 P - a wand of fire (6)
 Q - a wand of cold (10)
 X - a wand of invisibility (2)
 Y - a wand of digging (5)
Scrolls
 j - 9 scrolls of magic mapping
 n - a scroll of fear
 r - 4 scrolls of blinking
 v - 17 scrolls of remove curse
 A - 5 scrolls of teleportation
 E - a scroll of enchant armour
 H - 7 scrolls of identify
 R - a scroll of holy word
 S - 6 scrolls of recharging
Potions
 h - 12 potions of brilliance
 k - 4 potions of flight
 m - 3 potions of agility
 t - 5 potions of might
 B - 4 potions of magic
 D - a potion of cancellation
 F - 4 potions of resistance
 N - 5 potions of curing
 O - 2 potions of invisibility
 T - a potion of berserk rage
 U - a potion of haste
Miscellaneous
 L - a phial of floods
Comestibles
 c - 13 bread rations


   Skills:
 * Level 20.3 Fighting
 + Level 4.8 Polearms
 + Level 5.0 Throwing
 + Level 25.1 Dodging
 + Level 13.4 Stealth
 + Level 9.9 Shields
 + Level 18.6 Unarmed Combat
 + Level 15.4 Invocations
 + Level 1.3 Evocations


You had 21 spell levels left.
You didn't know any spells.

Dungeon Overview and Level Annotations

Branches:
Dungeon (14/15)            Temple (1/1) D:6            Lair (8/8) D:9
  Swamp (4/4) Lair:5       Spider (4/4) Lair:6        Slime (0/6) Lair:8
    Orc (4/4) D:9             Elf (1/3) Orc:3        Vaults (4/5) D:14
  Crypt (3/3) Vaults:3
   Tomb: Crypt:3

Altars:
Ashenzari
Cheibriados
Dithmenos
Elyvilon
Fedhas
Gozag
Kikubaaqudgha
Makhleb
Nemelex Xobeh
Okawaru
Qazlal
Ru
Sif Muna
Trog
Vehumet
Xom
Yredelemnul
Zin
The Shining One
Beogh
Jiyva

Shops:
D:4 (   Orc:4 =}=(   Vaults:1 [*[[[   Vaults:2 =}(}

Annotations:
Lair:2 exclusion: orange crystal statue
Swamp:4 Lernaean hydra
Crypt:1 exclusions: greater mummy and 1 more exclusion, Khufu


Innate Abilities, Weirdness & Mutations

You revert to your normal form in water.
You are very nimble and swift while swimming.
You are partially covered in thin metallic scales (AC +2).
You regenerate slowly when monsters are visible.
You can spit weak poison.
Your muscles are strong. (Str +2)


Message History

You punch the jiangshi!
The jiangshi is moderately damaged.
The skeletal warrior hits you from afar with a trident.
* * * LOW HITPOINT WARNING * * *
Drink which item? (? for menu, Esc to quit)
You feel agile all of a sudden. The jiangshi claws you!
* * * LOW HITPOINT WARNING * * *
The jiangshi completely misses you. x2
The jiangshi barely misses you.
Drink which item? (? for menu, Esc to quit)
Okay, then.
Drink which item? (? for menu, Esc to quit)
Okay, then.
The jiangshi claws you!!
* * * LOW HITPOINT WARNING * * *
You block the jiangshi's attack.
You block the skeletal warrior's attack.
The jiangshi claws you!!
You die...

#.##..###....###'''###..
#######....x.'.......'...
.....#.......#... #.. ...
##.......## . #... . #)).......#
#.8.# ###zn....)### ##
#....#####.'#n....#'.#####. #
#......#..V.#######....#... ##
#.........@.# #........ .##
#..........# #........ ..###
#.....⌠...# #...⌠....
....#######.......#######.......#
.......## ###.....##...##.....###
#.......## ###....##._.##....###
####.....###.##.............##.##
###....'.8.#....⌠.[.⌠....#.8.'
###..'...###.........###...'


You could see a skeletal warrior and a jiangshi.

Vanquished Creatures
  Norris (D:13)
  Nikola (Spider:3)
  Jory (Crypt:3)
  A profane servitor (Crypt:3)
  Arachne (Spider:2)
  2 bone dragons
  Jorgrun (Vaults:3)
  Asterion (Spider:3)
  2 liches
  2 thorn hunters
  3 ancient champions (Crypt:3)
  A tengu reaver (Vaults:3)
  5 revenants
  Roxanne (Elf:1)
  3 fire giants (Vaults:4)
  Donald (D:13)
  4 ghost moths
  Maud (Lair:4)
  A deep elf sorcerer (Elf:1)
  Aizul (Spider:1)
  6 emperor scorpions
  A curse skull (Crypt:3)
  7 vault wardens
  A war gargoyle (Vaults:1)
  5 ironheart preservers
  4 stone giants
  7 ghouls
  2 very ugly things (Vaults:4)
  A vampire knight (Crypt:3)
  Nessos (Lair:7)
  2 deep elf annihilators
  Azrael (Spider:3)
  Snorg (Lair:7)
  A deep elf death mage (Crypt:3)
  22 jiangshi
  7 eidola
  2 fire dragons
  A spectral quicksilver dragon (Crypt:3)
  2 ettins
  4 vault guards
  A quicksilver dragon zombie (Crypt:1)
  5 yaktaur captains
  Fannar (Lair:3)
  5 entropy weavers
  11 ogre magi
  22 hydras
  13 alligators
  3 ghost crabs
  A rakshasa (Vaults:2)
  8 centaur warriors
  A spectral frost giant (Crypt:3)
  3 death knights
  A death yak (Lair:7)
  3 vampire magi
  A shadow wraith (Crypt:3)
  Sonja (Orc:3)
  3 ice devils (IceCv)
  43 skeletal warriors
  5 deep elf knights (Elf:1)
  A giant orange brain (Vaults:2)
  10 swamp dragons
  5 shambling mangroves
  10 ironbrand convokers
  4 unseen horrors
  3 ice statues (IceCv)
  3 deep elf summoners (Elf:1)
  4 phantasmal warriors
  2 sphinx zombies
  12 deep elf conjurers
  15 orc knights
  2 flayed ghosts
  11 hill giants
  A spectral hydra (Crypt:3)
  5 necromancers
  2 frost giant zombies (Vaults:3)
  27 ugly things
  11 orc sorcerers
  A stone giant zombie (Vaults:3)
  18 orb spiders
  6 cyclopes
  3 griffons
  A manticore (D:12)
  32 wolf spiders
  11 hornets
  2 moths of wrath (Spider:4)
  7 black mambas
  Maurice (Orc:1)
  4 molten gargoyles (Elf:1)
  13 vault sentinels
  10 elephants
  An elephant (shapeshifter) (Vaults:2)
  A torpor snail (Spider:4)
  A gargoyle (D:12)
  2 naga magi (Vaults:3)
  An eye of devastation (shapeshifter) (Vaults:1)
  11 komodo dragons
  2 trolls
  A yellow draconian zombie (Crypt:1)
  21 spiny frogs
  A human skeleton (Vaults:3)
  20 yaktaurs
  A jumping spider (shapeshifter) (Vaults:4)
  2 tengu conjurers (Vaults:3)
  6 fire drakes
  A yellow draconian skeleton (Crypt:2)
  12 polar bears
  5 freezing wraiths
  3 deep elf priests
  A queen ant zombie (Crypt:1)
  18 demonic crawlers
  A polar bear (shapeshifter) (Vaults:2)
  7 spriggan druids
  9 giant leeches
  18 blink frogs
  23 jumping spiders
  A stone giant simulacrum (Vaults:2)
  10 two-headed ogres
  8 blue devils (IceCv)
  5 boulder beetles
  22 slime creatures
  13 bog bodies
  46 flying skulls
  A shock serpent simulacrum (Crypt:3)
  22 tarantellas
  A black mamba zombie (Crypt:2)
  23 spriggans
  Sigmund (D:4)
  2 wyverns
  56 redbacks
  A wraith (Crypt:3)
  18 trapdoor spiders
  13 shadows
  3 small abominations (Crypt:3)
  A wyvern (shapeshifter) (Vaults:3)
  2 basilisks
  15 deep elf magi
  77 yaks
  2 hungry ghosts
  4 vampires
  2 basilisks (shapeshifter)
  3 fire elementals (Spider:3)
  A hog (D:11)
  28 wolves
  3 human simulacra
  A hog (shapeshifter) (Vaults:4)
  Menkaure (D:6)
  15 hippogriffs
  17 humans
  14 wargs
  3 mottled dragons
  27 vampire mosquitoes
  8 deep elf fighters
  A gelid demonspawn zombie (Crypt:1)
  14 insubstantial wisps
  A soldier ant (D:12)
  22 swamp worms
  2 putrid demonspawn zombies (Crypt:1)
  5 ice beasts
  10 water moccasins
  3 hell hounds
  11 porcupines
  16 swamp drakes
  38 orc warriors
  8 necrophages
  4 phantoms
  10 black bears
  21 spiders
  4 sky beasts
  A boggart (Vaults:2)
  An eye of draining (D:14)
  19 centaurs
  25 wasps
  42 ogres
  3 big kobolds
  17 crocodiles
  Blork the orc (D:3)
  An octopode zombie (Crypt:2)
  21 giant frogs
  A gnoll sergeant (D:9)
  4 scorpions
  A wyvern skeleton (D:14)
  2 water moccasin skeletons
  9 killer bees
  23 wights
  2 vampire bats (D:2)
  An electric eel (Spider:3)
  A quasit (D:7)
  11 hounds
  2 centaur zombies
  A lava snake (Elf:1)
  9 crimson imps
  30 orc priests
  3 draconian simulacra (IceCv)
  A giant frog skeleton (D:4)
  7 iguanas
  3 centaur skeletons
  4 jellies
  A two-headed ogre skeleton (Crypt:2)
  A troll simulacrum (IceCv)
  7 hell rats (Lair:3)
  14 worker ants
  68 orc wizards
  29 sheep
  2 spriggan simulacra (IceCv)
  3 hound zombies
  A big kobold skeleton (Crypt:2)
  5 hound skeletons
  2 mummies (Crypt:1)
  13 gnolls
  15 adders
  55 river rats
  4 shadow imps
  4 ogre simulacra (IceCv)
  A steam dragon zombie (Crypt:2)
  2 oozes
  2 adder skeletons
  An adder zombie (D:5)
  8 worms
  5 giant geckos
  247 orcs
  6 ball pythons
  2 bat skeletons
  4 bat zombies (D:2)
  8 giant cockroaches
  12 goblins
  10 hobgoblins
  10 jackals
  25 kobolds
  7 bats
  A giant gecko skeleton (D:4)
  3 giant newts
  6 quokkas
  11 rats
  A briar patch (Swamp:1)
  A lost soul (Crypt:3)
  A pillar of salt (Crypt:1)
  A plant (D:1)
2134 creatures vanquished.

Vanquished Creatures (others)
  A curse skull (Crypt:1)
  An unseen horror (D:12)
  2 orb spiders (Spider:3)
  A wolf spider (Spider:3)
  A jumping spider (Spider:3)
  A redback (Spider:3)
  A swamp worm (Swamp:3)
  A wasp (Swamp:4)
  A swamp drake (Swamp:3)
  2 spiders (Spider:3)
  A phantom (D:12)
  A centaur (D:12)
  An orc wizard (Orc:4)
  4 orcs
  A giant gecko skeleton (D:4)
  A bush (Lair:8)
  54 fungi
  2 lost souls
  25 pillars of salt
  23 plants
125 creatures vanquished.

Grand Total: 2259 creatures vanquished

Notes
Turn   | Place    | Note
--------------------------------------------------------------
     0 | D:1      | nubinia the Merfolk Monk began the quest for the Orb.
     0 | D:1      | Reached XP level 1. HP: 18/18 MP: 1/1
     6 | D:1      | Noticed a wyvern
     6 | D:1      | Noticed a lindwurm
     6 | D:1      | Noticed a hog
     6 | D:1      | Noticed a redback
   227 | D:1      | Reached XP level 2. HP: 18/24 MP: 2/2
  1197 | D:1      | Reached XP level 3. HP: 26/29 MP: 3/3
  1518 | D:2      | Reached skill level 5 in Unarmed Combat
  2182 | D:2      | Reached XP level 4. HP: 37/37 MP: 4/4
  2573 | D:2      | Found an ancient bone altar of Kikubaaqudgha.
  2583 | D:2      | Reached skill level 5 in Dodging
  2583 | D:2      | Reached XP level 5. HP: 39/43 MP: 5/5
  3493 | D:3      | Reached XP level 6. HP: 49/49 MP: 6/6
  3677 | D:3      | Found a bloodstained altar of Trog.
  3827 | D:4      | Reached skill level 6 in Dodging
  4015 | D:4      | Noticed Sigmund
  4057 | D:4      | Noticed Blork the orc
  4354 | D:4      | Reached skill level 5 in Fighting
  4381 | D:4      | Reached XP level 7. HP: 35/56 MP: 7/7
  5265 | D:4      | Found Xodoh's Weapon Shoppe.
  5429 | D:4      | Reached skill level 7 in Dodging
  5671 | D:5      | Entered Level 5 of the Dungeon
  5772 | D:3      | Killed Blork the orc
  6299 | D:4      | Reached XP level 8. HP: 64/64 MP: 8/8
  6322 | D:4      | Reached skill level 8 in Dodging
  7194 | D:5      | Found a glowing silver altar of Zin.
  7617 | D:6      | Reached skill level 9 in Dodging
  7686 | D:6      | Found a staircase to the Ecumenical Temple.
  7713 | Temple   | Entered the Ecumenical Temple
  7730 | Temple   | Became a worshipper of Elyvilon the Healer
  7730 | Temple   | Reached * piety under Elyvilon
  7730 | Temple   | Reached ** piety under Elyvilon
  7865 | D:6      | Reached XP level 9. HP: 66/72 MP: 9/9
  7926 | D:6      | Found a basalt altar of Yredelemnul.
  7983 | D:6      | Found a radiant altar of Vehumet.
  7984 | D:6      | Found a shattered altar of Ashenzari.
  8042 | D:6      | Noticed Menkaure
  8048 | D:6      | Killed Menkaure
  8348 | D:6      | Found a shadowy altar of Dithmenos.
  8583 | D:7      | Reached skill level 5 in Stealth
  8935 | D:7      | Found a stormy altar of Qazlal.
  9013 | D:7      | Reached skill level 10 in Dodging
  9187 | D:7      | Reached *** piety under Elyvilon
  9739 | D:8      | Found a shadowy altar of Dithmenos.
 10106 | D:4      | Killed Sigmund
 10364 | D:7      | Reached XP level 10. HP: 82/82 MP: 10/10
 10447 | D:8      | Reached skill level 11 in Dodging
 11046 | D:9      | Gained mutation: You regenerate slowly when monsters are visible. [mutagenic meat]
 11047 | D:9      | Gained mutation: You can spit weak poison. [mutagenic meat]
 11048 | D:9      | Gained mutation: You are partially covered in thin metallic scales (AC +2). [mutagenic meat]
 11049 | D:9      | Gained mutation: Your muscles are strong. (Str +2) [potion of beneficial mutation]
 11232 | D:9      | Found a staircase to the Orcish Mines.
 11736 | D:9      | Found a staircase to the Lair.
 12158 | D:8      | Reached skill level 1 in Throwing
 12252 | D:8      | Reached skill level 10 in Fighting
 12252 | D:8      | Reached skill level 10 in Unarmed Combat
 12801 | D:9      | Reached skill level 12 in Dodging
 12986 | Orc:1    | Entered Level 1 of the Orcish Mines
 13080 | Orc:1    | Noticed Maurice
 13081 | Orc:1    | Reached XP level 11. HP: 73/91 MP: 11/11
 13211 | Orc:1    | Reached **** piety under Elyvilon
 13418 | Orc:1    | Killed Maurice
 13418 | Orc:1    | Reached skill level 1 in Invocations
 14080 | Orc:2    | Found a roughly hewn altar of Beogh.
 14116 | Orc:2    | Noticed an orc knight
 14729 | D:10     | Entered Level 10 of the Dungeon
 14750 | D:10     | Noticed a hill giant
 14783 | D:10     | Killed a hill giant
 15478 | Lair:1   | Entered Level 1 of the Lair of Beasts
 15478 | Lair:1   | Noticed a five-headed hydra
 15525 | Lair:1   | Killed a five-headed hydra
 15809 | Lair:1   | Identified a +0 rod of ignition (13/13) (You found it on level 1 of the Lair of Beasts)
 15965 | Lair:1   | Reached skill level 13 in Dodging
 16230 | Lair:1   | Reached ***** piety under Elyvilon
 17214 | Lair:2   | Noticed a spriggan rider
 17611 | Lair:2   | Reached XP level 12. HP: 83/100 MP: 15/15
 17827 | Lair:2   | Killed a spriggan
 17828 | Lair:2   | Killed a wasp
 17930 | Lair:2   | Reached skill level 5 in Invocations
 18201 | Lair:2   | Reached skill level 14 in Dodging
 18721 | Lair:2   | Got a brightly glowing granite ring
 18750 | Lair:2   | Identified the ring of Brilliance {rC+ EV+5 Dex+4} (You found it on level 2 of the Lair of Beasts)
 19292 | Lair:3   | Noticed Fannar
 19324 | Lair:3   | Killed Fannar
 20252 | Lair:4   | Noticed Maud
 20299 | Lair:4   | Killed Maud
 20299 | Lair:4   | Reached XP level 13. HP: 64/108 MP: 16/18
 20834 | Lair:4   | Reached skill level 15 in Dodging
 21263 | Lair:5   | Reached ****** piety under Elyvilon
 21303 | Lair:5   | Found a staircase to the Swamp.
 21491 | Lair:5   | Got a glittering jade amulet
 21493 | Lair:5   | Identified the amulet "Merheir" {Clar rPois rC+ MR-} (You found it on level 5 of the Lair of Beasts)
 22487 | Lair:6   | Found a hole to the Spider Nest.
 23066 | Lair:7   | Noticed Snorg
 23088 | Lair:7   | Killed Snorg
 23182 | Lair:7   | Reached skill level 16 in Dodging
 23363 | Lair:7   | Noticed Nessos
 23414 | Lair:7   | Killed Nessos
 23941 | Lair:8   | Entered Level 8 of the Lair of Beasts
 23964 | Lair:8   | Reached XP level 14. HP: 109/118 MP: 20/20
 25439 | Lair:8   | Found a staircase to the Slime Pits.
 25440 | Lair:8   | Found a viscous altar of Jiyva.
 26937 | Lair:8   | Reached skill level 17 in Dodging
 27364 | Swamp:1  | Entered Level 1 of the Swamp
 27386 | Swamp:1  | Noticed a spectral caustic shrike
 27708 | Lair:5   | Upgraded the game from 0.17-a0-2127-g1cb09f6 to 0.17-a0-2171-ga91b4ec
 28478 | Swamp:2  | Reached XP level 15. HP: 91/127 MP: 22/22
 28482 | Swamp:2  | Reached skill level 1 in Evocations
 28484 | Swamp:2  | Reached skill level 1 in Shields
 28532 | Swamp:2  | Reached skill level 10 in Invocations
 28537 | Swamp:2  | HP: 4/127 [spriggan druid/angry trees (9)]
 29415 | Swamp:1  | Found an opulent altar of Gozag.
 30526 | Swamp:1  | Upgraded the game from 0.17-a0-2171-ga91b4ec to 0.17-a0-2208-ge5ab1d3
 30713 | Swamp:2  | Reached skill level 18 in Dodging
 32295 | Swamp:3  | Reached skill level 15 in Fighting
 33614 | Swamp:4  | Entered Level 4 of the Swamp
 33651 | Swamp:4  | Reached skill level 10 in Stealth
 34327 | Swamp:4  | Noticed a thorn hunter
 34560 | Swamp:3  | Reached XP level 16. HP: 110/136 MP: 24/24
 35227 | Swamp:3  | Elyvilon protects you from harm!
 35228 | Swamp:3  | Elyvilon protects you from harm!
 35584 | Swamp:3  | Killed a thorn hunter
 35586 | Swamp:3  | Reached skill level 19 in Dodging
 37082 | Swamp:4  | Got a translucent bone ring
 37084 | Swamp:4  | Identified the ring "Daneozih" {rElec rC+ Slay+2} (You took it off a spriggan on level 4 of the Swamp)
 37117 | Swamp:4  | Noticed the 27-headed Lernaean hydra
 38868 | Swamp:4  | Got a decaying rune of Zot
 39308 | Swamp:2  | Noticed a tentacled monstrosity
 39583 | Orc:2    | Killed an orc knight
 39862 | Orc:3    | Found a frozen archway.
 39913 | IceCv    | Entered an ice cave
 40029 | IceCv    | Reached skill level 15 in Unarmed Combat
 40262 | IceCv    | Got a blackened buckler
 40273 | IceCv    | Identified the +0 buckler of Generosity {MR+ Str+5 Dex+2} (You found it in an ice cave)
 40574 | Orc:3    | Found a staircase to the Elven Halls.
 40612 | Orc:3    | Found a runed door.
 40907 | Orc:3    | Noticed Sonja
 41406 | Orc:3    | Found a roughly hewn altar of Beogh.
 41426 | Orc:3    | Killed Sonja
 41502 | Orc:4    | Entered Level 4 of the Orcish Mines
 41797 | Orc:4    | Found Enkel's Weapon Boutique.
 41797 | Orc:4    | Found Opix's Jewellery Shoppe.
 41824 | Orc:4    | Bought the ring of Intercession {*Contam rC+ rN+++ MR++ Int+2} for 900 gold pieces
 41844 | Orc:4    | Found a roughly hewn altar of Beogh.
 41864 | Orc:4    | Reached skill level 5 in Shields
 41868 | Orc:4    | Reached XP level 17. HP: 137/144 MP: 26/26
 41946 | Orc:4    | Found Qemen's Gadget Boutique.
 41946 | Orc:4    | Found Loeruss's Jewellery Shoppe.
 41960 | Orc:4    | Reached skill level 20 in Dodging
 42804 | Elf:1    | Entered Level 1 of the Elven Halls
 42954 | Elf:1    | Noticed Roxanne
 42987 | Elf:1    | Killed Roxanne
 43405 | Elf:1    | Identified the Compendium of Attacks
 44391 | Spider:1 | Entered Level 1 of the Spider Nest
 46671 | Spider:2 | Noticed Arachne
 46702 | Spider:2 | Killed Arachne
 47737 | Spider:2 | Upgraded the game from 0.17-a0-2208-ge5ab1d3 to 0.17-a0-2215-g49c1de0
 48111 | Spider:1 | Reached skill level 21 in Dodging
 48560 | Spider:4 | Entered Level 4 of the Spider Nest
 48573 | Spider:3 | Noticed Asterion
 48583 | Spider:3 | Noticed Aizul
 49090 | Spider:2 | Reached XP level 18. HP: 153/153 MP: 27/27
 49225 | Spider:1 | Killed Aizul
 49848 | Spider:3 | Noticed Azrael
 49866 | Spider:3 | Killed Asterion
 50008 | Spider:3 | Killed Azrael
 50413 | Spider:3 | Noticed Nikola
 50444 | Spider:3 | Killed Nikola
 52990 | Spider:4 | Reached skill level 22 in Dodging
 54128 | Swamp:1  | Noticed a thorn hunter
 54142 | Swamp:1  | Killed a thorn hunter
 54714 | Spider:4 | Got a gossamer rune of Zot
 55337 | D:11     | Reached XP level 19. HP: 161/161 MP: 28/28
 55615 | Orc:4    | Bought the ring of Noaritt {rF+ MR+ Int+5 SInv Stlth+} for 847 gold pieces
 56236 | D:5      | Fell from the grace of Elyvilon
 56236 | D:5      | Became a worshipper of Zin the Law-Giver
 56236 | D:5      | Reached * piety under Zin
 56236 | D:5      | Reached ** piety under Zin
 56236 | D:5      | Reached *** piety under Zin
 56236 | D:5      | Reached **** piety under Zin
 56514 | D:11     | Reached ***** piety under Zin
 57900 | D:14     | Found a gate to the Vaults.
 57900 | D:14     | Noticed Donald
 57900 | D:14     | Noticed Norris
 57919 | D:13     | Killed Donald
 57953 | D:13     | Killed Norris
 58729 | Vaults:1 | Entered Level 1 of the Vaults
 58939 | Vaults:1 | Found Epu Wear's Assorted Antiques.
 58975 | Vaults:1 | Bought a runed cloak for 148 gold pieces
 59028 | Vaults:1 | Found Paecw's Armour Shop.
 59259 | Vaults:1 | Found Unibodgh's Armour Emporium.
 59259 | Vaults:1 | Found Taed's Antique Armour Shoppe.
 59267 | Vaults:1 | Reached ****** piety under Zin
 60705 | Vaults:1 | Reached skill level 23 in Dodging
 60756 | Vaults:1 | Found Barei's Armour Shoppe.
 60999 | Vaults:1 | Upgraded the game from 0.17-a0-2215-g49c1de0 to 0.17-a0-2220-g6fea741
 61016 | Vaults:2 | Found Yttig's Antique Weapon Shop.
 61045 | Vaults:2 | Found a flickering gateway to a bazaar.
 61064 | Bazaar   | Entered a bazaar
 61071 | Bazaar   | Found Amin's Weapon Shoppe.
 61079 | Bazaar   | Found Agrolipt's Jewellery Boutique.
 61120 | Bazaar   | Found Ludgh's Book Emporium.
 61128 | Bazaar   | Found Bioxkas's Armour Shop.
 61136 | Bazaar   | Bought a +2 pair of boots of flying for 322 gold pieces
 61136 | Bazaar   | Bought a +1 pair of gloves of strength for 247 gold pieces
 61758 | Vaults:2 | Bought a steaming spear for 368 gold pieces
 61758 | Vaults:2 | Identified the +8 spear "Newtbane" {speed, rC+ MR+ Str+4 Dex+3} (You bought it in a shop on level 2 of the Vaults)
 62203 | Vaults:2 | Reached skill level 5 in Throwing
 62212 | Vaults:2 | Found Mocrya's Gadget Shoppe.
 62366 | Vaults:2 | Reached skill level 1 in Polearms
 62877 | Vaults:2 | Reached XP level 20. HP: 138/172 MP: 30/30
 63087 | Vaults:2 | Found Hishyara's Gadget Shop.
 63094 | Vaults:2 | Found Erihuacs's Jewellery Emporium.
 65442 | Vaults:3 | Noticed Jorgrun
 65461 | Vaults:3 | Killed Jorgrun
 65638 | Vaults:3 | Noticed a bone dragon
 65639 | Vaults:3 | Found a staircase to the Crypt.
 65928 | Vaults:3 | Killed a bone dragon
 67411 | Vaults:3 | Got a tattered robe
 67412 | Vaults:3 | Identified the +3 robe of the Shining One's Envy {*Drain rN+ Regen+ MP+9} (You took it off a vault sentinel on level 3 of the Vaults)
 67446 | Vaults:3 | Got a twisted hat
 67457 | Vaults:3 | Identified the cursed -6 hat "Rak Yrcho" {Str+2} (You found it on level 3 of the Vaults)
 67473 | Vaults:3 | Found a radiant altar of Vehumet.
 67482 | Vaults:3 | Got a shimmering hat
 67493 | Vaults:3 | Identified the +0 hat of the Ward {rCorr MP+9} (You found it on level 3 of the Vaults)
 68822 | Vaults:4 | Reached XP level 21. HP: 118/180 MP: 31/31
 69639 | Crypt:1  | Entered Level 1 of the Crypt
 70184 | Crypt:1  | Reached skill level 24 in Dodging
 70406 | Crypt:1  | Noticed a greater mummy
 70415 | Crypt:1  | Noticed Khufu
 72990 | Crypt:3  | Entered Level 3 of the Crypt
 73269 | Crypt:3  | Found an ancient bone altar of Kikubaaqudgha.
 73617 | Crypt:3  | Reached skill level 15 in Invocations
 73676 | Crypt:3  | Noticed Jory
 73725 | Crypt:3  | HP: 9/182 [jiangshi (12)]
 73728 | Crypt:3  | HP: 1/182 [jiangshi (9)]
 73729 | Crypt:3  | Reached XP level 22. HP: 1/190 MP: 33/33
 73735 | Crypt:3  | Got an encrusted leather armour
 73973 | Crypt:3  | Identified the cursed +1 leather armour of Xouhusk {Int+2} (You found it on level 3 of the Crypt)
 74845 | Crypt:3  | Killed Jory
 74845 | Crypt:3  | Reached skill level 25 in Dodging
 75249 | Crypt:3  | Mangled by a jiangshi

Vault maps used:
D:1:      onia_arrival_zoo_common, serial_forest, infiniplex_forest_clump_long,
          infiniplex_forest_lined_2, infiniplex_forest_clump_double,
          infiniplex_forest_straight_2, infiniplex_forest_straight_3,
          infiniplex_forest_lined_1, infiniplex_forest_straight_3
D:2:      kennysheep_vampire_church, serial_forest,
          infiniplex_forest_clump_medium, infiniplex_forest_end_3,
          infiniplex_forest_straight_3, infiniplex_forest_straight_4,
          infiniplex_forest_zigzag_1, infiniplex_forest_clump_large,
          infiniplex_forest_clump_diagonal
D:3:      nicolae_overflow_crystal_walls
D:4:      first_bread, serial_shops,
          nicolae_shop_temple_entry_statues_fountains,
          minmay_misc_feat_enclosed, minmay_snake_closets, uniq_blork_the_orc,
          uniq_sigmund
D:5:      basic_altar
D:6:      lemuel_coloured_pillars_altar, gammafunk_temple_overflow_statue,
          lemuel_crystal_altar, minmay_temple_entry_overgrown, uniq_menkaure
D:7:      overflow_temple_1_default
D:8:      basic_altar
D:9:      lair_0_dummy, orc_0_dummy
D:11:     grunt_livestock
D:14:     minmay_connected_triangles_in_corner, david_vaults_3, fountainhead
Temple:   circular_temple_12
Lair:1:   grunt_forest_large_clearing_hut, lemuel_fruit_fields
Lair:2:   statuecave_lemuel, grunt_forest_large_clearings, grunt_megastairs_2
Lair:3:   uniq_fannar
Lair:4:   grunt_megastairs_3, serial_bayou_shore_b, uniq_maud
Lair:5:   swamp_mist_pool
Lair:6:   dummy_spider_entry, serial_bayou_pond_a
Lair:7:   grunt_megastairs_5, uniq_snorg, uniq_nessos
Lair:8:   minmay_lair_end_enchanted_forest, slime_altar_1,
          minmay_lair_drake_nest
Swamp:1:  hangedman_swamp_ruin_wall, swamp_pool4, nicolae_swamp_fairy_circle,
          nicolae_swamp_godswood
Swamp:2:  infiniplex_staircase_pool
Swamp:3:  hangedman_swamp_diagram
Swamp:4:  swamp_old_school, infiniplex_staircase_pool_2
Spider:2: uniq_arachne
Spider:3: uniq_aizul, uniq_asterion, uniq_azrael, uniq_nikola
Spider:4: grunt_spider_rune_parallel
Orc:1:    uniq_maurice
Orc:2:    mines2_david
Orc:3:    portal_ice_cave_entry_animals_and_master, nicolae_orc_pool_cavern,
          lightli_church_of_beogh, uniq_sonja
Orc:4:    st_orc_town
Elf:1:    eino_elf_arrival_sip, minmay_elf_annihilation, minivault_8,
          uniq_roxanne
Vaults:1: v_misc_18, v_rooms_1, nicolae_vaults_mini_display_case,
          vaults_mumra_hex, nicolae_vaults_angled_halls,
          nicolae_vaults_alarming, serial_shops, nicolae_shop_waterfront,
          shop_coins, nicolae_shop_crystal, shop, nicolae_shop_crystal
Vaults:2: nicolae_vaults_ninety_degrees, vaults_room_fours, v_rooms_4,
          nicolae_vaults_circle_grid_a, v_alt_pattern_5,
          vaults_room_fancy_cross, serial_ice_m, nicolae_vaults_murderbox,
          hangedman_vaults_impose, v_misc_25, vaults_room_corners,
          vaults_mumra_lcd, vaults_mumra_minichess, ontoclasm_vaults_ligature,
          serial_shops, bzr_entry_islet, shop, shop, nicolae_shop_crystal, shop
Vaults:3: grunt_tower_of_power, v_misc_24, v_pattern_1, v_misc_8,
          vaults_standard_mumra_x, vaults_room_door_hall,
          minmay_crypt_entry_nasty_monster, hangedman_vaults_slice,
          vaults_room_pools, uniq_jorgrun
Vaults:4: vaults_dpeg_diagonal, v_misc_22, v_misc_5, grunt_vaults_focal,
          nicolae_vaults_hallways_thing, vaults_room_semicircle,
          vaults_dpeg_spiral, v_misc_28, vaults_room_corners,
          hangedman_vaults_capsules, vaults_room_semicircle,
          nicolae_vaults_little_squares_4, vaults_room_semicircle,
          nicolae_vaults_gold_heap
Crypt:1:  feat_on_display, grunt_megastairs_4, grunt_crypt_arrival_split,
          uniq_khufu
Crypt:3:  grunt_crypt_end_deaths_head, uniq_jory
Bazaar:   bazaar_jpeg_ribbon
IceCv:    ice_cave_tombish

Action                   |  1- 3 |  4- 6 |  7- 9 | 10-12 | 13-15 | 16-18 | 19-21 | 22-24 || total
-------------------------+-------+-------+-------+-------+-------+-------+-------+-------++-------
Melee: Unarmed           |   185 |   327 |   620 |  1279 |  2097 |  2820 |  2812 |   358 || 10498
       Spear             |       |       |       |       |       |       |    18 |       ||    18
       Flail             |       |       |       |       |       |       |       |     2 ||     2
 Fire: Blowgun           |       |       |     2 |    52 |    22 |   110 |     6 |       ||   192
Throw: Stone             |       |       |       |     5 |    24 |    14 |     2 |     6 ||    51
Invok: Lesser Healing    |       |       |     1 |       |     1 |       |       |       ||     2
       Greater Healing   |       |       |       |       |     6 |       |       |       ||     6
       Purification      |       |       |       |       |     2 |     3 |       |       ||     5
       Divine Protection |       |       |       |       |     1 |     1 |       |       ||     2
       Recite            |       |       |       |       |       |       |    81 |    13 ||    94
       Vitalisation      |       |       |       |       |       |       |     3 |     1 ||     4
       Sanctuary         |       |       |       |       |       |       |       |     1 ||     1
Evoke: Wand              |       |       |       |     4 |    12 |     5 |     1 |     1 ||    23
       Rod               |       |       |       |     4 |     8 |     2 |       |     2 ||    16
  Use: Potion            |     2 |     2 |     3 |     7 |     9 |     5 |     1 |     2 ||    31
       Scroll            |     4 |     8 |     8 |     8 |    10 |    19 |    14 |     3 ||    74
 Stab: Sleeping          |     8 |     7 |    19 |    23 |    37 |    33 |    41 |       ||   168
       Distracted        |       |       |     1 |     6 |     9 |    28 |    12 |     2 ||    58
       Confused          |       |       |       |       |       |     1 |    55 |       ||    56
       Invisible         |       |       |       |       |       |       |    18 |       ||    18
       Paralysed         |       |       |       |       |       |       |    23 |       ||    23
  Eat: Chunk             |     4 |     8 |    19 |    35 |    49 |    50 |    17 |       ||   182
       Beef jerky        |       |       |     1 |     1 |       |     2 |     2 |       ||     6
       Pizza             |       |       |       |     1 |     1 |     2 |     2 |       ||     6
       Royal jelly       |       |       |       |     1 |       |     1 |       |       ||     2
       Fruit             |       |       |       |       |     7 |    13 |    19 |       ||    39
       Bread ration      |       |       |       |       |       |       |     5 |     3 ||     8
